 Dungeon Crawl Stone Soup version 0.18.1-48-g4cf74bf (webtiles) character file.

2756 poirepourri the Cleaver (level 9, -2/81 HPs)
             Began as a Hill Orc Fighter on July 5, 2016.
             Slain by a manticore (12 damage)
             ... on level 7 of the Dungeon.
             The game lasted 00:09:16 (5926 turns).

poirepourri the Cleaver (Hill Orc Fighter)          Turns: 5926, Time: 00:09:17

Health: -2/81      AC: 15    Str: 26    XL:     9   Next: 69%
Magic:  9/9        EV:  7    Int:  8    God:
Gold:   406        SH: 11    Dex: 12    Spells: 0 memorised, 8 levels left

rFire  . . .     SeeInvis .     a - +0 war axe
rCold  . . .     Gourm    .     m - +0 plate armour of the Apprentice {Dex+2}
rNeg   . . .     Faith    +     c - +0 shield
rPois  .         Spirit   .     (no helmet)
rElec  .         Dismiss  .     u - +1 cloak
rCorr  .         Reflect  .     (no gloves)
SustAt .         Harm     .     (no boots)
MR     .....                    d - amulet of faith
Stlth  ..........               j - ring of flight
                                h - +4 ring of strength

@: not resistant to hostile enchantments, extremely unstealthy
A: no striking features
a: Evoke Flight


You were on level 7 of the Dungeon.
You were not hungry.

You visited 1 branch of the dungeon, and saw 7 of its levels.
You also visited: Bailey.

You collected 406 gold pieces.

Inventory:

Hand Weapons
 a - a +0 war axe (weapon)
Armour
 b - a +0 scale mail
 c - a +0 shield (worn)
 m - the +0 plate armour of the Apprentice (worn) {Dex+2}
   (You found it on level 4 of the Dungeon)

   It affects your dexterity (+2).
 u - a +1 cloak (worn)
Jewellery
 d - an amulet of faith (around neck)
 h - a +4 ring of strength (left hand)
 j - a ring of flight (right hand)
 l - a +6 ring of intelligence {unknown}
Wands
 p - a wand of polymorph (0/24)
Scrolls
 e - a scroll of identify
 g - 4 scrolls of remove curse
 k - a scroll of teleportation
 n - a scroll of magic mapping
Potions
 o - 2 potions of cure mutation
 r - a potion of mutation
 s - a potion of flight
Comestibles
 f - 5 bread rations
 i - 2 fruits


   Skills:
 + Level 8.2 Fighting
 + Level 9.2 Axes
 + Level 6.5 Armour
 + Level 4.0 Dodging
 + Level 1.0 Stealth
 + Level 6.9 Shields


You had 8 spell levels left.
You didn't know any spells.

Dungeon Overview and Level Annotations

Branches:
Dungeon (7/15)
 Temple: D:4-7

Altars:
Fedhas
Kikubaaqudgha
Ru
Yredelemnul
The Shining One


Message History

* * * LOW HITPOINT WARNING * * *
The manticore claws you but does no damage.
You block the manticore's attack.
The manticore claws you but does no damage.
The manticore claws you.
* * * LOW HITPOINT WARNING * * *
Unknown command.
Drink which item? (? for menu, Esc to quit)
Okay, then.
Evoke which item? (* to show all) (? for menu, Esc to quit)
Okay, then.
You barely miss the manticore.
The manticore is severely wounded.
The manticore bites you.
* * * LOW HITPOINT WARNING * * *
You block the manticore's attack. x2
Your shield and plate armour of the Apprentice prevent you from hitting the manticore.
The manticore is severely wounded.
The manticore bites you!
You die...

#####.##.####..[# #...#
#...........#...#####...#
.###.#..##.#...........#
# #)## #...........< #.#
.#............ #)# #.##
......## #.##...###
#.##.# ##.#....... . #.
#..@....# # #..##H...##
..... .....# ####.
##...## #. ...## # ....
#..## #..#


You could see a manticore.

Vanquished Creatures
  Pikel (D:5)
  Sigmund (D:5)
  Edmund (D:6)
  2 ice beasts
  2 orc warriors
  A phantom (D:4)
  An ogre (D:7)
  A necrophage (D:5)
  3 centaurs
  Blork the orc (D:5)
  A giant frog (D:6)
  A water moccasin skeleton (D:5)
  A scorpion (D:4)
  A howler monkey (D:5)
  A crimson imp (D:6)
  A giant frog zombie (D:5)
  A centaur skeleton (D:6)
  2 hounds
  Crazy Yiuf (D:5)
  A gnoll shaman (D:4)
  An orc priest (D:3)
  Ijyb (D:3)
  4 iguanas
  3 orc wizards
  4 worker ants
  A hound skeleton (D:6)
  A howler monkey zombie (D:6)
  Robin (D:2)
  5 gnolls
  A howler monkey skeleton (D:5)
  6 adders
  A river rat (D:6)
  A shadow imp (D:6)
  4 oozes
  2 adder zombies (D:6)
  5 worms
  4 dart slugs
  5 giant geckos
  20 orcs
  7 giant cockroaches
  15 goblins
  9 hobgoblins
  9 jackals
  3 quokkas
  9 bats
  A giant cockroach zombie (D:5)
  7 giant newts
  9 kobolds
  6 rats
170 creatures vanquished.

Vanquished Creatures (others)
  2 gnolls (D:5)
2 creatures vanquished.

Grand Total: 172 creatures vanquished

Notes
Turn   | Place    | Note
--------------------------------------------------------------
     0 | D:1      | poirepourri the Hill Orc Fighter began the quest for the Orb.
     0 | D:1      | Reached XP level 1. HP: 19/19 MP: 1/1
    80 | D:1      | Reached skill level 3 in Axes
   144 | D:1      | Reached XP level 2. HP: 26/27 MP: 2/2
   260 | D:1      | Reached XP level 3. HP: 30/33 MP: 3/3
   516 | D:1      | Reached skill level 1 in Dodging
   807 | D:2      | Reached XP level 4. HP: 38/41 MP: 4/4
   834 | D:2      | Found a basalt altar of Yredelemnul.
   893 | D:2      | Noticed Robin
   910 | D:2      | Killed Robin
  1119 | D:2      | Reached skill level 4 in Axes
  1145 | D:2      | Reached XP level 5. HP: 39/47 MP: 5/5
  1376 | D:3      | Noticed Ijyb
  1384 | D:3      | Killed Ijyb
  1384 | D:3      | Reached skill level 5 in Fighting
  1982 | D:4      | Reached XP level 6. HP: 50/56 MP: 6/6
  2208 | D:4      | Reached skill level 5 in Axes
  2447 | D:4      | Found an ancient bone altar of Kikubaaqudgha.
  2448 | D:4      | Found a blossoming altar of Fedhas.
  2564 | D:4      | Got a smelly plate armour
  2643 | D:4      | Reached XP level 7. HP: 53/62 MP: 7/7
  2785 | D:4      | Reached skill level 6 in Axes
  3065 | D:5      | Entered Level 5 of the Dungeon
  3256 | D:5      | Noticed Crazy Yiuf
  3260 | D:5      | Killed Crazy Yiuf
  3347 | D:5      | Identified the +0 plate armour of the Apprentice {Dex+2} (You found it on level 4 of the Dungeon)
  3387 | D:5      | Noticed Pikel
  3417 | D:5      | Killed Pikel
  3417 | D:5      | Reached skill level 7 in Axes
  3417 | D:5      | Reached skill level 5 in Shields
  3417 | D:5      | Reached XP level 8. HP: 72/73 MP: 8/8
  3561 | D:5      | Reached skill level 5 in Armour
  3570 | D:5      | Noticed Blork the orc
  3583 | D:5      | Killed Blork the orc
  3630 | D:5      | Noticed Sigmund
  3675 | D:5      | Killed Sigmund
  3675 | D:5      | Reached XP level 9. HP: 39/78 MP: 9/9
  3773 | D:5      | Reached skill level 8 in Axes
  4334 | D:6      | Reached skill level 1 in Stealth
  4409 | D:6      | Noticed Edmund
  4437 | D:6      | Killed Edmund
  4751 | D:6      | Found a sacrificial altar of Ru.
  4930 | D:6      | Reached skill level 9 in Axes
  4953 | D:6      | Found a glowing golden altar of the Shining One.
  5139 | D:7      | Found a flagged portal.
  5149 | Bailey   | Entered a bailey
  5910 | D:7      | Noticed a manticore
  5926 | D:7      | Slain by a manticore

Skill      XL: |  1  2  3  4  5  6  7  8  9 |
---------------+----------------------------+-----
Axes           | 3 4 5 7 9 |  9.2
Fighting       | 4 5 7 8 |  8.2
Dodging        | 1 2 3 4 |  4.0
Shields        | 5 6 |  6.9
Armour         | 4 5 6 |  6.5
Stealth        | 1 |  1.0

Action                   |  1- 3 |  4- 6 |  7- 9 || total
-------------------------+-------+-------+-------++-------
Melee: War axe           |    98 |   173 |   362 ||   633
Evoke: Wand              |       |       |     2 ||     2
  Use: Scroll            |     1 |     2 |     8 ||    11
       Potion            |       |     5 |     4 ||     9
 Stab: Distracted        |       |       |     1 ||     1
  Eat: Bread ration      |       |     1 |     1 ||     2
       Pizza             |       |     1 |     1 ||     2
       Meat ration       |       |       |     1 ||     1
       Fruit             |       |       |     1 ||     1
       Beef jerky        |       |       |     1 ||     1
Armor: Scale mail        |    69 |    66 |    21 ||   156
       Plate armour      |       |       |   151 ||   151
Dodge: Dodged            |    44 |    68 |    78 ||   190
Block: Shield            |    88 |   110 |   232 ||   430
